 Dungeon Crawl Stone Soup version 0.23-a0-402-g64599a10a2 (webtiles) character file.

347 gitgud the Ruffian (level 6, -3/40 HPs)
             Began as a Gargoyle Monk on Nov 4, 2018.
             Killed from afar by runewalsh's ghost (8 damage)
             ... with a magic dart
             ... on level 3 of the Dungeon.
             The game lasted 00:06:52 (3375 turns).

gitgud the Ruffian (Gargoyle Monk)                  Turns: 3375, Time: 00:06:52

Health: -3/40      AC: 10    Str: 19    XL:     6   Next: 59%
Magic:  6/6        EV:  6    Int: 11    God:
Gold:   152        SH:  0    Dex: 12    Spells: 5/5 levels left

rFire    . . .     SeeInvis .     - Unarmed
rCold    . . .     Gourm    .   (no shield)
rNeg     + . .     Faith    .   i - +0 ring mail
rPois    ∞         Spirit   .   e - +0 helmet
rElec    +         Reflect  .   (no cloak)
rCorr    .         Harm     .   (no gloves)
MR       .....                  (no boots)
Stlth    ++........             (no amulet)
HPRegen  0.13/turn              h - ring of stealth
MPRegen  0.10/turn              l - -5 ring of evasion (curse)

@: mighty
A: negative energy resistance 1, electricity resistance, weak 1, wild magic 1,
unbreathing, petrification resistance, rot immunity, AC +4
a: no special abilities


You were on level 3 of the Dungeon.
You were not hungry.

You visited 1 branch of the dungeon, and saw 3 of its levels.

You collected 152 gold pieces.

Inventory:

Armour
 a - a +0 robe
 e - a +0 helmet (worn)
 i - a +0 ring mail (worn)
Jewellery
 h - a ring of stealth (left hand)
 l - a cursed -5 ring of evasion (right hand)
 o - an uncursed ring of wizardry {unknown}
Scrolls
 g - a scroll of fear {unknown}
 j - a scroll of amnesia {unknown}
 k - 2 scrolls of remove curse {unknown}
 m - a scroll of noise {unknown}
Potions
 c - a potion of haste
 d - a potion of heal wounds {unknown}
 f - a potion of might
Comestibles
 b - 5 rations
 n - 3 chunks of flesh


   Skills:
 + Level 5.2 Fighting
 - Level 2.4 Dodging
 - Level 2.1 Stealth
 * Level 6.1 Unarmed Combat


You had 5 spell levels left.
You didn't know any spells.
Your spell library was empty.

Dungeon Overview and Level Annotations

Branches:
Dungeon (3/15)

Altars:

Annotations:
D:3 runewalsh's ghost, weakling OpWz


Innate Abilities, Weirdness & Mutations

You are resistant to torment.
Your stone body is resilient. (AC +4)
You are immune to poison.
You resist negative energy. (rN+)
You are resistant to electric shocks. (rElec)
You can survive without breathing.
You are immune to petrification.
You are immune to rotting.
You are weak. (Str -2)
Your spells are a little harder to cast, but a little more powerful.


Message History

The phantom is almost destroyed.
The phantom hits you!
* * * LOW HITPOINT WARNING * * *
The phantom blinks!
Runewalsh's ghost hits you but does no damage.
The phantom blinks!
Runewalsh's ghost barely misses you.
The phantom blinks!
Runewalsh's ghost stares at you and mumbles some strange words.
The magic dart hits you!
* * * LOW HITPOINT WARNING * * *
You see here a scroll of immolation.
You punch the phantom!
You destroy the phantom!
Your Fighting skill increases to level 5!
Your Unarmed Combat skill increases to level 6!
Runewalsh's ghost stares at you and mumbles some strange words.
The magic dart hits you!
Runewalsh's ghost stares at you and mumbles some strange words.
The magic dart hits you!
You die...

.#.#.....## #.#
.#.####...#########.#
.#....#.............#
#####.'...###########
.#....#..##
.#.####..# ÷#.#.....#
...#.....# ##### ##
#+##..#### #§§@# .#
......# #§§§# .#
.####.#####.##§.W# .#
.............##§###.#
.#######....§§§§§§§.#
.# .####§#§§§§.# .#
#.####..## .#
#........# .#
######...#


You could see runewalsh's ghost.

Vanquished Creatures
  A phantom (D:3)
  A big kobold (D:3)
  An orc wizard (D:3)
  An orc priest (D:3)
  A gnoll (D:1)
  3 adders
  An ooze (D:2)
  2 dart slugs (D:1)
  2 leopard geckos (D:2)
  3 orcs (D:3)
  5 bats
  2 giant cockroaches
  6 goblins
  9 hobgoblins
  11 jackals
  2 quokkas
  3 ball pythons
  7 frilled lizards
  12 kobolds
  7 rats
80 creatures vanquished.

Notes
Turn   | Place    | Note
-------+----------+-------------------------------------------
     0 | D:1      | gitgud the Gargoyle Monk began the quest for the Orb.
     0 | D:1      | Reached XP level 1. HP: 14/14 MP: 1/1
   529 | D:1      | Reached XP level 2. HP: 19/19 MP: 2/2
   918 | D:1      | Reached XP level 3. HP: 20/24 MP: 3/3
   944 | D:1      | Reached skill level 4 in Unarmed Combat
  1421 | D:2      | Reached XP level 4. HP: 18/29 MP: 4/4
  2380 | D:3      | Noticed a big kobold
  2400 | D:3      | Killed a big kobold
  2400 | D:3      | Reached skill level 5 in Unarmed Combat
  2400 | D:3      | Reached XP level 5. HP: 16/34 MP: 5/5
  2687 | D:3      | Gained mutation: You are weak. (Str -2) [potion of
                  | mutation]
  2687 | D:3      | Gained mutation: Your spells are a little harder to cast,
                  | but a little more powerful. [potion of mutation]
  2691 | D:3      | Reached XP level 6. HP: 4/40 MP: 6/6
  3345 | D:3      | Noticed runewalsh's ghost (weakling OpWz)
  3346 | D:3      | Noticed a phantom
  3346 | D:3      | Found a runed door.
  3374 | D:3      | Killed a phantom
  3374 | D:3      | Reached skill level 5 in Fighting
  3374 | D:3      | Reached skill level 6 in Unarmed Combat
  3375 | D:3      | Killed from afar by runewalsh's ghost

Vault maps used:
D:1:      dpeg_arrival_water_fire
D:3:      first_ration, ebering_ghost_inner_flame, roderic_filled_cross

Skill      XL: |  1  2  3  4  5  6 |
---------------+-------------------+-----
Unarmed Combat | 4 5 6 |  6.1
Fighting       | 4 5 |  5.2
Dodging        | |  2.4
Stealth        | |  2.1

Action                   |  1- 3 |  4- 6 || total
-------------------------+-------+-------++-------
Melee: Unarmed           |   169 |   177 ||   346
       Punch             |       |     2 ||     2
  Use: Scroll            |       |     3 ||     3
       Potion            |       |     4 ||     4
 Stab: Sleeping          |     4 |     8 ||    12
  Eat: Chunk             |     1 |     7 ||     8
Armor: Robe              |    47 |     3 ||    50
       Ring mail         |       |   117 ||   117
Dodge: Dodged            |   110 |    67 ||   177

Table legend:
 A = Non-vault XP
 B = Vault XP
 C = Vault XP percentage of total XP
 D = Non-vault monster count
 E = Vault monster count
 F = Vault count percentage of total count
                 A         B        C        D         E       F
            +---------+---------+-------+---------+---------+-------
      Total |     361 |     135 |  27.2 |      79 |       1 |   1.2
            +---------+---------+-------+---------+---------+-------
        D:1 |      61 |       0 |   0.0 |      28 |       0 |   0.0
        D:2 |      83 |       0 |   0.0 |      33 |       0 |   0.0
        D:3 |     217 |     135 |  38.4 |      18 |       1 |   5.3
            +---------+---------+-------+---------+---------+-------
